 Dungeon Crawl Stone Soup version 0.19.1-1-g22dce08 (console) character file.

184 shas the Cudgeler (level 5, 42/42 HPs)
             Began as a Demonspawn Abyssal Knight on Jan 14, 2017.
             Was a Believer of Lugonu.
             Quit the game on level 4 of the Dungeon on Jan 16, 2017.
             The game lasted 00:19:11 (2969 turns).

shas the Cudgeler (Demonspawn Abyssal Knight)       Turns: 2969, Time: 00:19:12

Health: 42/42      AC: 18    Str: 14    XL:     5   Next: 36%
Magic:  6/6        EV:  4    Int: 13    God:    Lugonu [**....]
Gold:   151        SH:  0    Dex: 12    Spells: 0 memorised, 4 levels left

rFire  . . .     SeeInvis .     a - +1 mace
rCold  . . .     Gourm    .     f - +0 plate armour
rNeg   . . .     Faith    .     (no shield)
rPois  .         Spirit   +     r - +0 helmet
rElec  .         Reflect  .     o - +0 cloak
rCorr  .         Harm     .     y - +2 pair of gloves
MR     .....                    (no boots)
Stlth  ..........               (no amulet)
                                (no ring)
                                (no ring)

@: drained
A: iridescent scales 1, magic shield, magic regeneration
a: Depart the Abyss, Bend Space, Renounce Religion


You were on level 4 of the Dungeon.
You worshipped Lugonu.
Lugonu was pleased with you.
You were not hungry.

You visited 1 branch of the dungeon, and saw 4 of its levels.
You visited the Abyss 1 time.

You collected 151 gold pieces.

Inventory:

Hand Weapons
 a - a +1 mace (weapon)
 l - a +1 long sword of slicing
Armour
 f - a +0 plate armour (worn)
 o - a +0 cloak (worn)
 r - a +0 helmet (worn)
 y - a +2 pair of gloves (worn)
Jewellery
 h - an uncursed amulet of harm
Wands
 t - a wand of random effects (17/48)
Scrolls
 c - a scroll of fear {unknown}
 d - 4 scrolls of remove curse {unknown}
 g - 4 scrolls of teleportation {unknown}
 i - 3 scrolls of identify {unknown}
 u - a scroll of enchant weapon {unknown}
Potions
 b - a potion of mutation {unknown}
 j - a potion of beneficial mutation {unknown}
 k - a potion of degeneration {unknown}
 m - 3 potions of ambrosia {unknown}
 s - a potion of haste {unknown}
 v - a potion of heal wounds {unknown}
Comestibles
 n - a beef jerky
 p - a bread ration
 x - a meat ration


   Skills:
 + Level 3.8(3.6) Fighting
 + Level 0.3(0.1) Long Blades
 + Level 3.9(3.7) Maces & Flails
 + Level 2.8(2.5) Armour
 + Level 1.1(0.9) Dodging
 + Level 2.4(2.2) Invocations


You had 4 spell levels left.
You didn't know any spells.

Dungeon Overview and Level Annotations

Branches:
Dungeon (4/15)
 Temple: D:4-7

Altars:
Xom


Innate Abilities, Weirdness & Mutations

You are partially covered in iridescent scales. (AC +2)
When hurt, damage is shared between your health and your magic reserves.
You regenerate magic rapidly.


Message History

You are no longer poisoned.
You start resting.
Some of the chunks of flesh in your inventory have rotted away. x5
All of the chunks of flesh in your inventory have rotted away.
HP restored.
Save game and exit?
Welcome back, shas the Demonspawn Abyssal Knight.
Lugonu says: Spread carnage and corruption!
Press ? for a list of commands and other information.
Okay, then.
Quiver which item? (- for none, * to show all) (? for menu, Esc to quit)
Okay, then.
Char dumped successfully.
Okay, then.
Char dumped successfully.
Save game and exit?
Welcome back, shas the Demonspawn Abyssal Knight.
Lugonu says: Spread carnage and corruption!
Press ? for a list of commands and other information.
Are you sure you want to abandon this character and quit the game? (Confirm with "yes".)

##.## ...
[.. >..
#.#
#.######.
#........
#@.# #..#
...#
###.# .#
.# .# .#


There were no monsters in sight!

Vanquished Creatures
  A bullfrog (D:3)
  Jessica (D:3)
  3 adders
  2 worms
  A dart slug (D:1)
  A leopard gecko (D:1)
  6 orcs (D:3)
  4 giant cockroaches
  5 goblins
  11 hobgoblins
  A jackal (D:2)
  5 kobolds
  6 bats
  2 frilled lizards (D:1)
  5 rats
54 creatures vanquished.

Notes
Turn   | Place    | Note
-------+----------+-------------------------------------------
     0 | Abyss:1  | shas the Demonspawn Abyssal Knight began the quest for the Orb.
     0 | Abyss:1  | Reached XP level 1. HP: 18/18 MP: 2/2
    75 | Abyss:1  | Noticed a six-headed hydra zombie
    96 | D:1      | Escaped the Abyss
   174 | D:1      | Gained mutation: When hurt, damage is shared between your health and your magic reserves. [demonic ancestry]
   174 | D:1      | Reached XP level 2. HP: 11/24 MP: 3/3
   929 | D:1      | Reached * piety under Lugonu
  1176 | D:1      | Reached XP level 3. HP: 26/29 MP: 4/4
  1180 | D:1      | Reached skill level 1 in Dodging
  2306 | D:3      | Gained mutation: You regenerate magic rapidly. [demonic ancestry]
  2306 | D:3      | Reached XP level 4. HP: 36/36 MP: 5/5
  2360 | D:3      | Found a shimmering altar of Xom.
  2495 | D:3      | Noticed Jessica
  2515 | D:3      | Killed Jessica
  2694 | D:3      | Noticed a bullfrog
  2708 | D:3      | Killed a bullfrog
  2708 | D:3      | Gained mutation: You are partially covered in iridescent scales. (AC +2) [demonic ancestry]
  2708 | D:3      | Reached XP level 5. HP: 29/42 MP: 3/6
  2709 | D:3      | Reached ** piety under Lugonu
  2969 | D:4      | Quit the game

Skill      XL: |  1  2  3  4 |
---------------+-------------+-----
Maces & Flails | 2 3 |  3.9
Armour         | 2 |  2.8
Dodging        | 1 |  1.1
Fighting       | |  3.8
Long Blades    | |  0.3
Invocations    | |  2.4

Action                   |  1- 3 |  4- 6 || total
-------------------------+-------+-------++-------
Melee: Mace              |   130 |    68 ||   198
       Long sword        |     7 |       ||     7
Invok: Depart the Abyss  |     1 |       ||     1
       Bend Space        |       |     2 ||     2
  Use: Potion            |       |     5 ||     5
  Eat: Chunk             |     1 |     1 ||     2
       Bread ration      |     1 |       ||     1
Armor: Leather armour    |     6 |       ||     6
       Plate armour      |   148 |   103 ||   251
Dodge: Dodged            |    41 |    20 ||    61
       Rpst.: Long sword |     1 |       ||     1
